AoeStats
← Iguano Pop

Arabia

508597413Analyzed
1v1 RM · 9d ago on Sep 23, 2026· 45m 53s· 2 players
Game mode
Random Map
Map size
Tiny (2 player)
Population
200
Speed
Normal
Resources
Standard
Victory
Conquest
Starting age
Dark Age
Ending age
Imperial Age
RankedLock teamsTeams togetherTeam positionsShared explorationLock speedFull tech treeHidden civsTurbo modeCheats
Victory
Defeat
🇲🇽 Lithuanians · Mexico
1338
+15
🇻🇪 Persians · Venezuela
1316
-15
ITVE.EduardR10
6:06 Loom
9:05 Feudal Age
10:23 Double-Bit Axe
21:18 Castle Age
20:27 Padded Archer Armor
20:41 Gold Mining
21:38 Fletching
21:38 Elite Skirmisher
22:35 Horse Collar
25:06 Bodkin Arrow
27:29 Bloodlines
31:25 Scale Barding Armor
32:32 Stone Mining
33:00 Husbandry
34:12 Chain Barding Armor
35:50 Heavy Plow
39:56 Wheelbarrow
42:29 Imperial Age
40:54 Gold Shaft Mining
40:53 Forging
42:00 Hand Cart
42:08 Heavy Camel Rider
43:26 Plate Barding Armor
44:28 Chemistry
44:35 Conscription
45:01 Iron Casting
Iguano Pop
6:56 Loom
9:13 Feudal Age
9:28 Man-at-Arms
15:09 Fletching
20:29 Wheelbarrow
22:45 Castle Age
20:54 Gold Mining
21:06 Horse Collar
21:23 Double-Bit Axe
23:19 Crossbowman
23:55 Bodkin Arrow
24:25 Scale Barding Armor
24:23 Town Watch
26:48 Husbandry
29:21 Sanctity
30:32 Elite Skirmisher
35:43 Forging
36:08 Chain Barding Armor
41:24 Imperial Age
41:01 Bloodlines
41:15 Padded Archer Armor
42:22 Cavalier
43:05 Stone Mining
44:27 Hand Cart
44:31 Thumb Ring
45:39 Plate Barding Armor
Connection lost

Rejoining the realm…

Still unreachable

The connection could not be restored.

Session expired

The server has moved on; the page needs a fresh start.